 Dungeon Crawl Stone Soup version 0.29-a0-321-gf1c400731a (webtiles) character file.

Game seed: 18337780817102507262

181 kae the Firebug (level 5, -1/30 HPs)
             Began as a Tengu Fire Elementalist on Apr 4, 2022.
             Slain by Grinder (9 damage)
             ... on level 6 of the Dungeon.
             The game lasted 00:01:58 (2938 turns).

kae the Firebug (Tengu Fire Elementalist)           Turns: 2938, Time: 00:01:58

Health: -1/30      AC:  2    Str:  8    XL:     5   Next: 61%
Magic:  9/9        EV: 15    Int: 18    God:
Gold:   120        SH:  0    Dex: 14    Spells: 3/9 levels left

rFire   . . .      SeeInvis .   p - +2 spear (vorpal)
rCold   . . .      Faith    .   (no shield)
rNeg    . . .      Spirit   .   a - +0 robe
rPois   .          Reflect  .   (helmet restricted)
rElec   .          Harm     .   (no cloak)
rCorr   .          Rampage  .   (no gloves)
Will    .....                   (boots unavailable)
Stlth   ++........              n - amulet of regeneration
HPRegen 0.90/turn               (no ring)
MPRegen 0.11/turn               (no ring)

@: flying quickly and evasively, quick
A: beak, talons 3, nimble flight
a: no special abilities


You were on level 6 of the Dungeon.
You visited 1 branch of the dungeon, and saw 4 of its levels.

You collected 120 gold pieces.

Inventory:

Hand Weapons
 p - a +2 vorpal spear (weapon)
Armour
 a - a +0 robe (worn)
Jewellery
 n - an amulet of regeneration (around neck)
Potions
 b - a potion of magic
 d - a potion of mutation
 e - a potion of ambrosia
 g - a potion of degeneration
 h - a potion of lignification {unknown}
 i - 2 potions of berserk rage {unknown}
 k - a potion of haste {unknown}
 l - a potion of attraction {unknown}
 o - a potion of resistance {unknown}


   Skills:
 + Level 1.7 Fighting
 + Level 1.8 Armour
 + Level 2.9 Dodging
 - Level 2.0 Stealth
 + Level 2.6 Spellcasting
 + Level 2.7 Conjurations
 * Level 4.6 Fire Magic


You had 3 spell levels left.
You knew the following spells:

 Your Spells              Type           Power      Damage    Failure   Level
a - Foxfire               Conj/Fire      60%        2x1d7     3%          1
b - Scorch                Fire           38%        2d6       3%          2
c - Conjure Flame         Conj/Fire      15%        6-21      11%         3

Your spell library contained the following spells:

 Spells                   Type           Power      Damage    Failure   Level
 Inner Flame              Hex/Fire       10%        N/A       21%         3
 Flame Wave               Conj/Fire      15%        2d6       36%         4


Dungeon Overview and Level Annotations

Branches:
Dungeon (3/15)

Altars:

Annotations:
D:6 Grinder


Innate Abilities, Weirdness & Mutations

You have a beak for a mouth.
You have claws for feet.
Your magical nature lets you fly swiftly and evasively.


Message History

The hound is severely wounded.
The hound bites you. x2
The iguana hisses angrily.
You hit the hound. You peck the hound.
The hound is almost dead.
The hound bites you but does no damage. The hound closely misses you.
You hit the hound.
You kill the hound!
The phantom hits you.
The phantom blinks!
You blink.
An orc comes into view. It is wielding a +0 falchion.
The gnoll sergeant shouts!
You hear a shout!
The killer bee buzzes angrily.
A magic dart appears from out of thin air!
The magic dart hits you!
A puff of flame appears from out of thin air!
The puff of flame hits you!
* * * LOW HITPOINT WARNING * * *
The iguana misses you.
Okay, then.
As you read the scroll of teleportation, it crumbles to dust.
You feel strangely unstable.
Your surroundings suddenly seem different. 3 wights and a gnoll come into view.
A wight is wielding a +0 mace and wearing a +1 robe of positive energy.
The gnoll shouts!
You hear a shout!
A gnoll comes into view. It is wielding a +0 spear.
The wight moves out of view.
You see here 8 gold pieces.
Grinder comes into view.
She is carrying a wand of polymorph (12).
Grinder shouts!
The gnoll shouts!
A wight comes into view. It is wielding a +2 mace of freezing.
A gnoll shaman comes into view. It is wielding a +0 club.
You aren't carrying any scrolls.
Grinder gestures at you. Pain shoots through your body!
* * * LOW HITPOINT WARNING * * *
A gnoll comes into view. It is wielding a +0 spear.
The gnoll shouts!
Grinder barely misses you. Grinder hits you!
You die...

. .. .#. ... #.. #.#
#.# # #.## #.##..##
#..@5..# #.# #####z.#
....# #..# #g#.#
###z.# #.#.#
#....###### ####
#.#.###z#g.gg.ggg
...###.......$....###.
##.#....#####.....#
.###..$P.gg.gg.....###


You could see Grinder and a wight.

Vanquished Creatures
  A hound (D:6)
  An orc priest (D:3)
  An orc wizard (D:3)
  4 adders
  A gnoll (D:6)
  2 orcs (D:3)
  5 ball pythons
  5 bats
  6 endoplasms
  2 giant cockroaches
  3 goblins
  5 hobgoblins
  4 kobolds
  3 quokkas
  6 frilled lizards
  5 rats
54 creatures vanquished.

Vanquished Creatures (collateral kills)
  A foxfire (D:2)
1 creature vanquished.

Vanquished Creatures (others)
  144 foxfires
  7 plants (D:6)
151 creatures vanquished.

Grand Total: 206 creatures vanquished

Notes
Turn   | Place    | Note
-------+----------+-------------------------------------------
     0 | D:1      | kae the Tengu Fire Elementalist began the quest for the
                  | Orb.
     0 | D:1      | Reached XP level 1. HP: 10/10 MP: 4/4
   220 | D:1      | Reached XP level 2. HP: 15/15 MP: 1/6
   842 | D:1      | Reached skill level 1 in Armour
   900 | D:1      | Reached XP level 3. HP: 20/20 MP: 3/7
  1074 | D:1      | Found a faded altar of an unknown god.
  1595 | D:2      | Reached skill level 1 in Fighting
  1985 | D:2      | Reached skill level 4 in Fire Magic
  1985 | D:2      | Reached XP level 4. HP: 25/25 MP: 4/8
  2654 | D:3      | Learned a level 2 spell: Scorch
  2658 | D:3      | Learned a level 3 spell: Conjure Flame
  2723 | D:3      | Gained mutation: Your magical nature lets you fly swiftly
                  | and evasively. [Tengu growth]
  2723 | D:3      | Reached XP level 5. HP: 29/29 MP: 1/9
  2790 | D:3      | You are sucked into a shaft and drop 3 floors!
  2825 | D:6      | Noticed a phantom
  2860 | D:6      | Noticed a phantom
  2880 | D:6      | Noticed an ogre
  2931 | D:6      | Noticed Grinder
  2938 | D:6      | Slain by Grinder

Illustrated notes

Levels and vault maps discovered:
D:1:      lightli_arrival_quake, layout_basic,
          hellmonk_ecumenical_altar_inner_sanctum, grunt_decor_clamped,
          chequers_serial_rivers_small_3
D:2:      cheibrodos_old_hovel, layout_loops_cross
D:3:      layout_loops_ring, uniq_pargi
D:6:      layout_loops_ring, serial_bayou, serial_bayou_pond_e,
          serial_bayou_pond_e, serial_bayou_ford_a, serial_bayou_pond_d,
          uniq_pikel, uniq_grinder

Skill      XL: |  1  2  3 |
---------------+----------+-----
Armour         | 1 |  1.8
Conjurations   | 2 |  2.7
Fighting       | 1 |  1.7
Fire Magic     | 4 |  4.6
Dodging        | |  2.9
Stealth        | |  2.0
Spellcasting   | |  2.6

Action                   |  1- 3 |  4- 6 || total
-------------------------+-------+-------++-------
Melee: Unarmed           |     3 |       ||     3
       Kick              |     1 |     4 ||     5
       Spear             |       |    16 ||    16
       Peck              |       |     5 ||     5
 Cast: Foxfire           |    64 |    28 ||    92
  Use: Scroll            |       |     7 ||     7
 Stab: Sleeping          |       |     1 ||     1
Armor: Robe              |     3 |     5 ||     8
Dodge: Dodged            |    10 |    27 ||    37

Table legend: (Time is in decaauts)
 A = Elapsed time spent in this place.
 B = Non-inter-level travel time spent in this place.
 C = Inter-level travel time spent in this place.
 D = Time resting spent in this place.
 E = Time spent auto-exploring this place.
 F = Levels seen in this place.
 G = Mean time per level.
                   A        B        C        D        E       F      G
               +--------+--------+--------+--------+--------+-----+--------+
         Total |   2929 |   2832 |     97 |    121 |   2274 |   4 |  732.2 |
       Dungeon |   2929 |   2832 |     97 |    121 |   2274 |   4 |  732.2 |
               +--------+--------+--------+--------+--------+-----+--------+

Top non-repeatable levels by time:
     D:1: 1282 daAuts
     D:2: 1231 daAuts
     D:3: 278 daAuts
     D:6: 137 daAuts
